 Dungeon Crawl Stone Soup version 0.32-a0-306-gfed3edf829 (webtiles) character file.

Game seed: 11106053382517500263

203 Dittersdorf the Covered (level 5, -3/34 HPs)
             Began as a Gargoyle Fighter on Feb 14, 2024.
             Incinerated by a bombardier beetle (4 damage)
             ... with a burning spray
             ... on level 4 of the Dungeon.
             The game lasted 00:03:26 (2976 turns).

Dittersdorf the Covered (Gargoyle Fighter)          Turns: 2976, Time: 00:03:26

Health: -3/34      AC: 13    Str: 22    XL:     5   Next: 81%
Magic:  5/5        EV:  8    Int:  8    God:
Gold:   183        SH:  9    Dex:  9    Spells: 4/4 levels left

rFire   . . .        a - +1 flail
rCold   . . .        c - +0 buckler
rNeg    + . .        p - +0 chain mail
rPois   ∞            (no helmet)
rElec   +            (no cloak)
rCorr   .            (no gloves)
SInv    .            (no boots)
Will    .....        o - amulet of reflection Stlth
                     g - ring of wizardry
HPRegen 0.25/turn    (no ring)
MPRegen 0.09/turn

%: reflection, wizardry (x1)
@: on fire, glowing
A: sickness immunity, AC +4, negative energy resistance 1, electricity
resistance, torment resistance 1, petrification resistance
a: no special abilities


You were on level 4 of the Dungeon.
You visited 1 branch of the dungeon, and saw 4 of its levels.

You collected 183 gold pieces.

Inventory:

Hand Weapons
 a - a +1 flail (weapon)
Armour
 c - a +0 buckler (worn)
 p - a +0 chain mail (worn)
Jewellery
 g - a ring of wizardry (left hand)
 o - an amulet of reflection (around neck)
Scrolls
 f - a scroll of poison
Potions
 d - a potion of might
 m - a potion of haste {unknown}
 n - a potion of curing
 q - a potion of enlightenment
 r - a potion of heal wounds


   Skills:
 + Level 4.4 Fighting
 + Level 3.3 Maces & Flails
 + Level 4.4 Armour
 + Level 4.4 Shields


You had 4 spell levels left.
You didn't know any spells.
Your spell library contained the following spells:

 Spells                   Type           Power      Damage    Failure   Level
 Apportation              Tloc           0%         N/A       75%         1
 Necrotise                Necr           0%         1d4       75%         1
 Sandblast                Erth           0%         2d4       75%         1
 Sting                    Conj/Alch      0%         1d3       75%         1
 Summon Small Mammal      Summ           0%         N/A       75%         1
 Passwall                 Erth           0%         N/A       98%         3
 Stone Arrow              Conj/Erth      0%         3d7       98%         3
 Animate Armour           Summ/Erth      0%         N/A       100%        4
 Brom's Barrelling Bould  Conj/Erth      0%         2d3       100%        4
 Summon Lightning Spire   Summ/Air       0%         N/A       100%        4
 Lee's Rapid Deconstruct  Erth           0%         3d4*      100%        5


Dungeon Overview and Level Annotations

Branches:
Dungeon (4/15)
 Temple: D:4-7

Altars:


Innate Abilities, Weirdness & Mutations

You are immune to sickness and miasma.
Your stone body is resilient. (AC +4)
You are immune to poison.
You resist negative energy. (rN+)
You are resistant to electric shocks. (rElec)
You are resistant to unholy torment.
You are immune to petrification.


Message History

The bombardier beetle sprays incendiary fluid at you.
The burning spray hits you.
You are even more covered in liquid fire!
You hit the bombardier beetle but do no damage.
The bombardier beetle is severely wounded.
The liquid fire burns you!
* * * LOW HITPOINT WARNING * * *
The bombardier beetle bites you but does no damage.
You are too injured to fight recklessly!
You are too injured to fight recklessly!
You are too injured to fight recklessly!
You are too injured to fight recklessly!
You are too injured to fight recklessly!
You are too injured to fight recklessly!
You are too injured to fight recklessly!
You are too injured to fight recklessly!
You are too injured to fight recklessly!
You are too injured to fight recklessly!
You are too injured to fight recklessly!
You are too injured to fight recklessly!
You are too injured to fight recklessly!
You are too injured to fight recklessly!
You are too injured to fight recklessly!
You are too injured to fight recklessly!
You are too injured to fight recklessly!
You hit the bombardier beetle.
The bombardier beetle is almost dead.
The liquid fire burns you!
* * * LOW HITPOINT WARNING * * *
You hit the bombardier beetle.
You kill the bombardier beetle!
The liquid fire burns you!
* * * LOW HITPOINT WARNING * * *
You shake off some of the fire as you move.
The liquid fire burns you!
* * * LOW HITPOINT WARNING * * *
You see here a bombardier beetle corpse.
You shake off some of the fire as you move.
The liquid fire burns you!
You die...

(.....#.# .#..
......#.##.#.# .$..
.#......#
.....#.......#
....#........
........#.# #...# .#
########...###.#
.........#..†@.# #
.........#.#####.###
.......[......<...>#
.........#.......#.#
.........##....#...#
...............#.###
..........###....#
######..... ..####
#........#


There were no monsters in sight!

Vanquished Creatures
  A bombardier beetle (D:4)
  4 adders
  3 dart slugs (D:2)
  5 ribbon worms
  9 orcs
  5 ball pythons
  5 endoplasms
  A giant cockroach (D:2)
  6 goblins
  4 hobgoblins
  5 jackals
  A quokka (D:1)
  6 bats
  A frilled lizard (D:2)
  4 kobolds (D:2)
  A rat (D:2)
61 creatures vanquished.

Notes
Turn   | Place    | Note
-------+----------+-------------------------------------------
     0 | D:1      | Dittersdorf the Gargoyle Fighter began the quest for the
                  | Orb.
     0 | D:1      | Reached XP level 1. HP: 14/14 MP: 1/1
   126 | D:1      | Reached XP level 2. HP: 18/19 MP: 2/2
   866 | D:1      | Reached XP level 3. HP: 16/23 MP: 3/3
  1084 | D:2      | Reached XP level 4. HP: 15/29 MP: 4/4
  1586 | D:2      | Reached XP level 5. HP: 30/33 MP: 5/5
  2975 | D:4      | HP: 1/34 [burnt (2)]
  2976 | D:4      | Incinerated by a bombardier beetle

Illustrated notes

Levels and vault maps discovered:
D:1:      dpeg_arrival_brainrot, layout_loops_corners, serial_bayou_lagoon_a
D:2:      layout_loops_ring, minivault_11
D:3:      layout_loops_corners
D:4:      layout_basic, mainiacjoe_overflow_six_doors_small,
          gammafunk_ghost_split

Skill      XL: |  1  2  3  4 |
---------------+-------------+-----
Shields        | 4 |  4.4
Fighting       | 4 |  4.4
Armour         | 4 |  4.4
Maces & Flails | 3 |  3.3

Action                     |  1- 3 |  4- 6 || total
---------------------------+-------+-------++-------
  Melee: Flail             |    76 |   177 ||   253
    Use: Scroll            |       |    10 ||    10
 Armour: Scale mail        |    60 |    95 ||   155
         Chain mail        |       |    14 ||    14
  Dodge: Dodged            |    29 |    65 ||    94
  Block: Buckler           |    22 |    70 ||    92
         Reflection        |       |     3 ||     3

Table legend: (Time is in decaauts)
 A = Elapsed time spent in this place.
 B = Non-inter-level travel time spent in this place.
 C = Inter-level travel time spent in this place.
 D = Time resting spent in this place.
 E = Time spent auto-exploring this place.
 F = Levels seen in this place.
 G = Mean time per level.
                   A        B        C        D        E       F      G
               +--------+--------+--------+--------+--------+-----+--------+
         Total |   3058 |   2869 |    189 |    127 |   2148 |   4 |  764.5 |
       Dungeon |   3058 |   2869 |    189 |    127 |   2148 |   4 |  764.5 |
               +--------+--------+--------+--------+--------+-----+--------+

Top non-repeatable levels by time:
     D:1: 1018 daAuts
     D:3: 1013 daAuts
     D:2: 915 daAuts
     D:4: 111 daAuts
